 Dungeon Crawl Stone Soup version 0.31-a0-1-g4198be8af4 (webtiles) character file.

Game seed: 2150660268663820375

23 cheesebisquit the Grave Robber (level 2, 0/20 HPs)
             Began as a Ghoul Necromancer on Apr 30, 2023.
             Slain by a gnoll
             ... wielding a +1 halberd of protection
              (13 damage)
             ... on level 2 of the Dungeon.
             The game lasted 00:02:42 (807 turns).

cheesebisquit the Grave Robber (Ghoul Necromancer)   Turns: 807, Time: 00:02:43

Health: 0/20       AC:  3    Str: 11    XL:     2   Next: 95%
Magic:  0/3        EV: 12    Int: 10    God:
Gold:   55         SH:  0    Dex:  9    Spells: 3/4 levels left

rFire   . . .        (no weapon)
rCold   + . .        (no shield)
rNeg    + + +        a - +0 robe
rPois   ∞            (no helmet)
rElec   .            g - +0 cloak
rCorr   .            (no gloves)
SInv    .            (no boots)
Will    .....        (no amulet)
Stlth   ++           (no ring)
HPRegen 0.00/turn    (no ring)
MPRegen 0.08/turn

%: no passive effects
@: inhibited regen
A: claws 1, cold resistance 1, negative energy resistance 3, inhibited
regeneration, torment resistance 2, devour on kill
a: no special abilities


You were on level 2 of the Dungeon.
You visited 1 branch of the dungeon, and saw 2 of its levels.

You collected 55 gold pieces.

Inventory:

Armour
 a - a +0 robe (worn)
 g - a +0 cloak (worn)
Scrolls
 d - 2 scrolls of identify {unknown}
 f - a scroll of teleportation {unknown}
Potions
 b - a potion of magic
 c - 2 potions of curing {unknown}
 e - a potion of haste {unknown}
 h - a potion of heal wounds {unknown}
 i - a potion of might {unknown}
 j - a potion of attraction {unknown}


   Skills:
 - Level 1.7 Dodging
 - Level 2.1 Stealth
 - Level 1.7 Spellcasting
 + Level 4.8 Necromancy


You had 3 spell levels left.
You knew the following spells:

 Your Spells              Type           Power      Damage    Failure   Level
a - Necrotise             Necr           40%        1d6       4%          1

Your spell library contained the following spells:

 Spells                   Type           Power      Damage    Failure   Level
 Vampiric Draining        Necr           10%        2d6       13%         3
 Animate Dead             Necr           10%        N/A       38%         4
 Agony                    Necr           10%        N/A       75%         5


Dungeon Overview and Level Annotations

Branches:
Dungeon (2/15)

Altars:
Uskayaw


Innate Abilities, Weirdness & Mutations

You are immune to poison.
You have sharp fingernails.
Your flesh is cold resistant. (rC+)
You are immune to negative energy. (rN+++)
You do not regenerate when monsters are visible.
You are immune to unholy pain and torment.
You thrive by killing the living.


Message History

You climb downwards.
Found a ring mail and a smoky grey potion.
Found a hide-covered altar of Uskayaw.
There is a stone staircase leading up here.
j - a smoky grey potion A gnoll comes into view.
It is wielding a +0 whip.
A gnoll comes into view.
It is wielding a +1 halberd of protection.
The gnoll struggles to resist.
The gnoll shouts!
You hear a shout!
A gnoll comes into view. It is wielding a +2 heavy flail.
You hear a shout!
The gnoll writhes in agony.
A gnoll comes into view. It is wielding a +0 club.
The gnoll writhes in agony.
You are out of magic!
The gnoll writhes in agony.
You scratch the gnoll. You claw the gnoll.
The gnoll is almost dead.
The gnoll hits you with a +0 whip.
You barely miss the gnoll.
The gnoll is almost dead.
The gnoll hits you but does no damage. The gnoll hits you with a +0 whip.
You closely miss the gnoll.
The gnoll is almost dead.
The gnoll closely misses you. The gnoll completely misses you.
You scratch the gnoll.
You kill the gnoll!
You feel better.
The gnoll hits you from afar with a +1 halberd of protection.
The gnoll hits you with a +1 halberd of protection.
Things that are here:
a +0 whip; a gnoll corpse You scratch the gnoll.
The gnoll is moderately wounded.
The gnoll barely misses you.
You closely miss the gnoll.
The gnoll is moderately wounded.
The gnoll hits you with a +1 halberd of protection!
Ouch! That really hurt!
You die...

....## _...# . ....#
.. ... ... ... ....
#.# ..... #.#
......#<#########
#.[...@ggg..######
.........######......#
##.....#... ######.#
#...#....#..# #..#
#...##...##... ##.#
#.. ###.. ##.. g. #.
#.. . #g# ##.. g. ...


You could see 3 gnolls.

Vanquished Creatures
  A gnoll (D:2)
  A dart slug (D:1)
  A bat (D:1)
  2 endoplasms (D:1)
  A giant cockroach (D:1)
  A hobgoblin (D:1)
  A frilled lizard (D:1)
  2 kobolds (D:1)
  A rat (D:1)
11 creatures vanquished.

Notes
Turn   | Place    | Note
-------+----------+-------------------------------------------
     0 | D:1      | cheesebisquit the Ghoul Necromancer began the quest for the
                  | Orb.
     0 | D:1      | Reached XP level 1. HP: 14/14 MP: 2/2
   326 | D:1      | Reached XP level 2. HP: 20/20 MP: 1/3
   769 | D:2      | Found a hide-covered altar of Uskayaw.
   807 | D:2      | Slain by a gnoll

Illustrated notes

Levels and vault maps discovered:
D:1:      minmay_arrival_jagged, layout_basic, minmay_misc_feat_encased
D:2:      layout_rooms, basic_altar

Action                     || total
---------------------------++-------
  Melee: Unarmed           ||    33
         Punch             ||     1
   Cast: Necrotise         ||    22
 Armour: Robe              ||     5
  Dodge: Dodged            ||    17

Table legend: (Time is in decaauts)
 A = Elapsed time spent in this place.
 B = Non-inter-level travel time spent in this place.
 C = Inter-level travel time spent in this place.
 D = Time resting spent in this place.
 E = Time spent auto-exploring this place.
 F = Levels seen in this place.
 G = Mean time per level.
                   A        B        C        D        E       F      G
               +--------+--------+--------+--------+--------+-----+--------+
         Total |    806 |    772 |     34 |      0 |    646 |   2 |  403.0 |
       Dungeon |    806 |    772 |     34 |      0 |    646 |   2 |  403.0 |
               +--------+--------+--------+--------+--------+-----+--------+

Top non-repeatable levels by time:
     D:1: 769 daAuts
     D:2: 37 daAuts
